Map: King's Cove LE

Players

MisterDre

  • Race: Zerg Zerg
  • League: Diamond
  • Spawn Location: 5:00

wootwoot - Winner!

  • Race: Protoss Protoss
  • League: Diamond
  • Spawn Location: 11:00

VOD

Have the link to the VOD?

Description

Time

  • Played on: April 2, 2025, 9:16 p.m.
  • Length: 5:55
Show
View Real Time Build Order
Export as new Build Order

MisterDre Zerg 

Build Orders: Hatch First 

Get SALT Encoding   

  12  0:00  Drone  
  13  0:09  Drone  
  14  0:14  Extractor  
  14  0:16  Drone  
  15  0:23  Overlord  
  15  0:42  Drone  
  16  0:47  Hatchery  
  15  0:52  Drone  
  15  0:55  Drone  
  17  0:57  Drone  
  18  1:09  Extractor  
  17  1:14  Spawning Pool  
  17  1:17  Drone  
  17  1:20  Drone  
  18  1:26  Drone  
  19  1:38  Drone  
  20  1:48  Drone  
  21  2:00  Queen  
  21  2:01  Queen  
  23  2:02  Zergling x4  
  27  2:09  Overlord  
  27  2:10  Drone  
  28  2:28  Hatchery  
  27  2:33  Drone x2  
  27  2:34  Drone  
  27  2:36  Drone  
  31  2:45  Queen  
  33  2:51  Overlord  
  33  2:53  Drone  
  33  2:54  Drone  
  33  2:57  Drone  
  36  3:08  Metabolic Boost  
  36  3:10  Drone x4  
  40  3:14  Overlord  
  40  3:18  Overlord  
  40  3:26  Queen  
  42  3:31  Drone  
  42  3:32  Drone x2  
  45  3:34  Drone x2  
  45  3:38  Drone  
  48  3:46  Overlord  
  48  3:53  Queen  
  48  3:55  Drone x6  
  56  4:05  Overlord  
  56  4:08  Drone x4  
  56  4:09  Drone  
  61  4:13  Extractor  
  61  4:14  Extractor  
  61  4:17  Zergling x4  
  60  4:22  Lair  
  60  4:24  Drone x2  
  63  4:36  Overlord  
  63  4:37  Overlord x2  
  63  4:38  Drone x3  
  66  4:48  Overlord x2  
  66  4:53  Evolution Chamber x2  
  66  4:57  Drone x2  
  66  5:01  Drone  
  66  5:02  Drone x4  
  66  5:06  Spore Crawler  
  70  5:08  Spore Crawler  
  66  5:14  Hatchery  
  66  5:19  Queen  
  67  5:24  Spore Crawler  
  68  5:30  Drone  
  68  5:31  Drone x6  
  68  5:34  Drone x2  
  77  5:38  Hydralisk Den  
  77  5:39  Extractor  
  77  5:40  Drone  
  77  5:41  Drone  
  77  5:42  Drone x2  
  79  5:43  Extractor  
Show
View Real Time Build Order
Export as new Build Order

wootwoot Protoss - Winner!

Build Orders: 1 Gate Expand 

Get SALT Encoding   

  12  0:00  Probe  
  13  0:12  Probe  
  14  0:19  Pylon  
  14  0:24  Probe  
  15  0:34  Probe  
  15  0:40  Gateway  
  16  0:42  Probe  
  16  0:48  Assimilator  
  17  0:51  Probe  
  18  1:03  Probe  
  19  1:15  Probe  
  20  1:26  Nexus  
  20  1:36  Cybernetics Core  
  20  1:41  Assimilator  
  20  1:43  Probe  
  21  1:51  Probe  
  21  1:53  Pylon  
  21  2:00  Probe  
  22  2:03  Adept  
  23  2:11  Probe  
  26  2:20  Stargate  
  26  2:23  Probe  
  26  2:27  Warp Gate  
  27  2:35  Probe  
  28  2:39  Probe  
  29  2:47  Probe  
  29  2:50  Twilight Council  
  29  2:51  Probe  
  31  2:59  Probe  
  31  3:04  Void Ray  
  32  3:11  Probe x2  
  38  3:23  Probe x2  
  38  3:26  Charge  
  40  3:34  Gateway  
  40  3:35  Probe  
  40  3:36  Probe  
  40  3:40  Pylon  
  42  3:47  Probe  
  42  3:48  Probe  
  44  3:54  Void Ray  
  44  3:58  Pylon  
  50  4:08  Gateway  
  48  4:14  Gateway  
  48  4:15  Gateway  
  48  4:17  Gateway  
  48  4:21  Gateway  
  48  4:25  Gateway  
  48  4:35  Void Ray  
  48  4:38  Pylon  
  52  4:46  Pylon  
  52  5:02  Pylon  
  52  5:03  Zealot x2  
  52  5:04  Zealot  
  58  5:09  Void Ray  
  62  5:20  Gateway  
  62  5:21  Zealot  
  62  5:22  Zealot x2  
  62  5:27  Zealot x2  
  72  5:32  Zealot  
  72  5:35  Pylon  
  74  5:40  Zealot  
  76  5:47  Zealot x2  
  76  5:48  Zealot  
Tags
 
Add a new tag
Caveats
  • Supply blocks, unpowered buildings, or Contaminate may cause inaccurate times.
  • Supply counts are checked every 10 seconds.